 Dungeon Crawl Stone Soup version 0.23-a0-650-ga4d50d4d25 (webtiles) character file.

8856 Flugkiller the Nimble (level 11, -8/40 HPs)
             Began as a Vine Stalker Chaos Knight on Jan 5, 2019.
             Was a Plaything of Xom.
             Mangled by a sun demon (13 damage)
             ... summoned by a kobold demonologist
             ... on level 10 of the Dungeon.
             The game lasted 00:20:03 (10165 turns).

Flugkiller the Nimble (Vine Stalker Chaos Knight)  Turns: 10165, Time: 00:20:03

Health: -8/40      AC: 16    Str: 19    XL:     11   Next: 37%
Magic:  0/17       EV: 15    Int: 14    God:    Xom [*.....]
Gold:   577        SH: 15    Dex: 18    Spells: 10/10 levels left

rFire    . . .     SeeInvis +   G - +11 whip "Beastslayer" {slash, Str+3}
rCold    . . .     Gourm    .   n - +0 large shield
rNeg     . . .     Faith    .   b - +2 leather armour
rPois    .         Spirit   +   j - +2 helmet
rElec    +         Reflect  .   w - +0 cloak
rCorr    .         Harm     .   y - +1 pair of gloves
MR       ++...     Rnd*Rage +   N - +0 pair of boots
Stlth    +.........             E - amulet of magic regeneration
HPRegen  0.53/turn              s - ring of see invisible
MPRegen  0.40/turn              q - -3 ring of slaying (curse)

@: no status effects
A: fangs 3, icy blue scales 1, slimy green scales 1, berserk 1, blurry vision 1,
clever 1, frail 3, high mp 1, magic resistance 1, regeneration 1, electricity
resistance, strong 1, magic shield, antimagic bite, no potion heal 3, rot
immunity
a: Renounce Religion


You were on level 10 of the Dungeon.
You worshipped Xom.
You were a special plaything of Xom.
You were not hungry.

You visited 1 branch of the dungeon, and saw 11 of its levels.

You collected 577 gold pieces.

Inventory:

Hand Weapons
 v - a +3 scimitar
   (You took it off a wight on level 8 of the Dungeon)
 G - the +11 whip "Beastslayer" (weapon) {slash, Str+3}
   (You found it on level 5 of the Dungeon)

   It inflicts extra damage upon your enemies.
   It affects your strength (+3).
Missiles
 P - 3 throwing nets (quivered)
Armour
 b - a +2 leather armour (worn)
 j - a +2 helmet (worn)
   (You found it on level 1 of the Dungeon)
 n - a +0 large shield (worn)
   (You found it on level 10 of the Dungeon)
 w - a +0 cloak (worn)
   (You found it on level 3 of the Dungeon)
 y - a +1 pair of gloves (worn)
   (You found it on level 3 of the Dungeon)
 N - a +0 pair of boots (worn)
   (You found it on level 7 of the Dungeon)
Jewellery
 q - a cursed -3 ring of slaying (right hand)
   (You found it on level 10 of the Dungeon)
 r - an uncursed amulet of harm
   (You found it on level 2 of the Dungeon)
 s - a ring of see invisible (left hand)
   (You found it on level 2 of the Dungeon)
 x - an uncursed ring of fire
   (You found it on level 3 of the Dungeon)
 E - an amulet of magic regeneration (around neck)
   (You found it on level 4 of the Dungeon)
 F - an uncursed ring of flight
   (You found it on level 4 of the Dungeon)
Wands
 f - a wand of flame (34)
   (You found it on level 3 of the Dungeon)
 o - a wand of digging (9)
   (You found it on level 2 of the Dungeon)
 A - a wand of disintegration (10)
   (You found it on level 7 of the Dungeon)
 J - a wand of scattershot (3)
   (You found it on level 6 of the Dungeon)
 L - a wand of enslavement (12)
   (You found it on level 7 of the Dungeon)
Scrolls
 d - 2 scrolls of fog
 e - a scroll of magic mapping
 g - 5 scrolls of teleportation
 k - a scroll of blinking {unknown}
 l - a scroll of immolation
 t - a scroll of remove curse {unknown}
 u - a scroll of identify
 z - a scroll of amnesia {unknown}
 K - a scroll of enchant weapon
 M - a scroll of random uselessness {unknown}
 O - a scroll of acquirement
Potions
 h - 6 potions of curing
 i - 4 potions of haste
 m - a potion of resistance
 p - a potion of cancellation
 B - 2 potions of agility
 C - 5 potions of brilliance
 I - 2 potions of lignification
Comestibles
 c - 18 rations


   Skills:
 - Level 7.0 Fighting
 - Level 7.2 Long Blades
 - Level 1.5 Armour
 + Level 9.7 Dodging
 * Level 5.4 Shields
 - Level 5.0 Evocations


You had 10 spell levels left.
You didn't know any spells.
Your spell library contained the following spells:

 Spells                   Type           Power        Failure   Level  Hunger
 Confusing Touch          Hex            #.....       99%         1    ##.....
 Corona                   Hex            #......      99%         1    ##.....
 Magic Dart               Conj           #...         99%         1    ##.....
 Shock                    Conj/Air       #...         99%         1    ##.....
 Ensorcelled Hibernation  Hex/Ice        #.....       100%        2    ###....
 Searing Ray              Conj           #.....       100%        2    ###....
 Swiftness                Chrm/Air       #.......     100%        2    ###....
 Confuse                  Hex            #.......     100%        3    ####...
 Dazzling Spray           Conj/Hex       #.....       100%        3    ####...
 Gell's Gravitas          Tloc           #.........   100%        3    ####...
 Static Discharge         Conj/Air       #.......     100%        3    ####...
 Tukima's Dance           Hex            #.......     100%        3    ####...
 Airstrike                Air            #.........   100%        4    #####..
 Force Lance              Conj/Tloc      #.......     100%        4    #####..
 Fulminant Prism          Conj/Hex       #.........   100%        4    #####..
 Iskenderun's Mystic Bla  Conj           #.......     100%        4    #####..
 Petrify                  Tmut/Erth      #.......     100%        4    #####..
 Lightning Bolt           Conj/Air       #.........   100%        5    ######.
 Metabolic Englaciation   Hex/Ice        #.........   100%        5    ######.
 Yara's Violent Unravell  Hex/Tmut       #.........   100%        5    ######.


Dungeon Overview and Level Annotations

Branches:
Dungeon (11/15)            Temple (0/1) D:4            Lair (0/6) D:8
    Orc (0/2) D:11

Altars:
Dithmenos
Elyvilon
Fedhas
Gozag
Hepliaklqana
Okawaru
Qazlal
Ru
Sif Muna
Trog
Uskayaw
Vehumet
Zin
The Shining One
Beogh

Shops:
D:4 %   D:7 =   D:8 [   D:9 =   D:11 [

Portals:
Trove: D:10 (give +6 demon trident)

Annotations:
D:5 1 runed door


Innate Abilities, Weirdness & Mutations

You have razor-sharp teeth.
Your natural rate of healing is unusually fast.
When hurt, damage is shared between your health and your magic reserves.
Your bite disrupts and absorbs the magic of your enemies.
Potions cannot restore your health.
You are immune to rotting.
You are partially covered in icy blue scales. (AC +2)
You are partially covered in slimy green scales. (AC +2)
You tend to lose your temper in combat.
Scrolls take you a little longer to read.
Your mind is acute. (Int +2)
You are extremely frail. (-30% HP)
You have an increased reservoir of magic. (+10% MP)
You are resistant to hostile enchantments. (MR+)
You are resistant to electric shocks. (rElec)
Your muscles are strong. (Str +2)


Message History

There is a stone staircase leading down here.
You feel sick.
You are no longer poisoned.
You climb downwards.
You feel yourself speed up.
The kobold demonologist hits you but does no damage.
The kobold demonologist mumbles some strange words.
The big kobold throws a stone.
The stone hits you but does no damage.
There is a stone staircase leading up here.
Things that are here:
a stone; 4 curare-tipped needles You block the kobold demonologist's attack.
You climb upwards.
The rust devil disappears in a puff of smoke!
There is a stone staircase leading down here.
You miss the kobold demonologist.
Your bite misses the kobold demonologist.
The kobold demonologist hits you but does no damage.
You barely miss the kobold demonologist.
Your bite misses the kobold demonologist.
The kobold demonologist barely misses you. x2
You closely miss the kobold demonologist.
You bite the kobold demonologist, but do no damage.
The kobold demonologist mumbles some strange words.
You hit the sun demon but do no damage.
You bite the sun demon, but do no damage.
The sun demon hits you!
You are engulfed in flames!
The kobold demonologist gestures wildly while chanting.
You are too injured to fight recklessly!
You are too injured to fight recklessly!
Unknown command.
You whack the kobold demonologist!
Your bite misses the kobold demonologist.
The kobold demonologist is moderately wounded.
The sun demon hits you.
* * * LOW HITPOINT WARNING * * *
You are engulfed in flames!!
* * * LOW HITPOINT WARNING * * *
The kobold demonologist hits you but does no damage.
The sun demon misses you.
Okay, then.
You hit the kobold demonologist. You bite the kobold demonologist.
The kobold demonologist's magic leaks into the air.
You drain its magic.
You feel invigorated.
The kobold demonologist is moderately wounded.
You block the ufetubus's attack. The ufetubus closely misses you.
The kobold demonologist casts a spell.
The sun demon hits you!
You die...
Xom howls with laughter!

#################################
.................................
..................##.....#..#....
................3................
.....###.......[@5..##########...
.###.'.#...#..#K.##.# #...
.....#.#.......5.3..# ###...
.....###.....##'##### #.+...
...#.# #.###.#.....# #.#...
.....###.....'.#############'#...
...........###.####............##
.........#.#......#......###...#.
...........########............#>


You could see a sun demon, a kobold demonologist, a smoke demon and 2 ufetubi.

Vanquished Creatures
  A manticore (D:11)
  A centaur skeleton (D:11)
  2 kobold demonologists (D:10)
  A komodo dragon (D:8)
  Grinder (D:6)
  A troll (D:10)
  A hornet (D:10)
  A hippogriff (D:11)
  A vampire (D:10)
  Sigmund (D:3)
  4 humans (D:10)
  Menkaure (D:6)
  A swamp drake (D:2)
  5 ice beasts
  4 orc warriors
  2 sky beasts (D:8)
  5 phantoms
  3 centaurs
  A necrophage (D:6)
  5 ogres
  A big kobold (D:11)
  8 bullfrogs
  A wyvern zombie (D:10)
  A gnoll sergeant (D:9)
  A wyvern skeleton (D:7)
  6 scorpions
  A water moccasin skeleton (D:7)
  11 wights
  8 crimson imps
  2 bullfrog zombies
  A centaur zombie (D:5)
  6 hounds
  A jelly (D:5)
  3 bullfrog skeletons
  9 orc priests
  A gnoll shaman (D:8)
  An iguana (D:10)
  7 orc wizards
  Natasha (twice) (D:2)
  11 worker ants
  4 hound zombies
  A worker ant zombie (D:7)
  Robin (D:2)
  14 gnolls
  13 adders
  2 shadow imps (D:9)
  An ooze (D:4)
  5 worms
  2 dart slugs
  12 leopard geckos
  32 orcs
  5 giant cockroaches
  14 goblins
  6 hobgoblins
  15 jackals
  4 quokkas
  4 bats (D:1)
  4 frilled lizards
  7 kobolds
  A leopard gecko skeleton (D:7)
  A quokka skeleton (D:9)
  A quokka zombie (D:5)
  8 rats
281 creatures vanquished.

Vanquished Creatures (collateral kills)
  2 orcs
2 creatures vanquished.

Vanquished Creatures (others)
  A centaur (D:10)
  A hound (D:10)
  7 plants (D:8)
9 creatures vanquished.

Grand Total: 292 creatures vanquished

Notes
Turn   | Place    | Note
-------+----------+-------------------------------------------
     0 | D:1      | Flugkiller the Vine Stalker Chaos Knight began the quest
                  | for the Orb.
     0 | D:1      | Reached XP level 1. HP: 11/11 MP: 2/2
    64 | D:1      | Reached XP level 2. HP: 15/16 MP: 3/3
   861 | D:1      | XOM: divination: detect creatures
   888 | D:2      | XOM: harmless Ice miscast
   902 | D:2      | Reached XP level 3. HP: 19/19 MP: 4/4
  1065 | D:2      | XOM: cast spell 'Ring of Flames'
  1076 | D:2      | Noticed Robin
  1090 | D:2      | XOM: cast spell 'Necromutation'
  1101 | D:2      | XOM: enchant monster (good)
  1102 | D:2      | Killed Robin
  1102 | D:2      | Gained mutation: Your natural rate of healing is unusually
                  | fast. [Vine Stalker growth]
  1102 | D:2      | Reached XP level 4. HP: 14/23 MP: 3/5
  1128 | D:2      | Noticed Natasha
  1128 | D:2      | XOM: cast spell 'Death Channel'
  1133 | D:2      | Noticed Natasha
  1133 | D:2      | Natasha changed into Natasha the swamp drake
  1133 | D:2      | XOM: polymorph Natasha -> Natasha the swamp drake
  1142 | D:2      | Killed Natasha the swamp drake
  1142 | D:2      | Reached skill level 5 in Long Blades
  1142 | D:2      | Reached XP level 5. HP: 10/27 MP: 2/6
  1194 | D:2      | XOM: 2-stop teleportation journey
  1344 | D:2      | Found an opulent altar of Gozag.
  1418 | D:2      | XOM: give mutations
  1418 | D:2      | Gained mutation: Your muscles are strong. (Str +2) [Xom's
                  | mischief]
  1418 | D:2      | Lost mutation: Your muscles are strong. (Str +2) [Xom's
                  | mischief]
  1418 | D:2      | Gained mutation: You are clumsy. (Dex -2) [Xom's mischief]
  1418 | D:2      | Gained mutation: You passively map a small area around you.
                  | [Xom's mischief]
  1438 | D:2      | Found a glowing golden altar of the Shining One.
  1472 | D:2      | Noticed Natasha
  1477 | D:2      | XOM: harmless Chrm miscast
  1482 | D:2      | Killed Natasha
  1523 | D:2      | XOM: give mutations
  1523 | D:2      | Gained mutation: Scrolls take you a little longer to read.
                  | [Xom's mischief]
  1523 | D:2      | Gained mutation: Armour fits poorly on your strangely
                  | shaped body. [Xom's mischief]
  1551 | D:2      | Noticed Natasha
  1554 | D:2      | Killed Natasha
  1554 | D:2      | Reached XP level 6. HP: 32/32 MP: 7/7
  1746 | D:2      | XOM: harmless Conj miscast
  1943 | D:3      | Noticed Sigmund
  2007 | D:3      | XOM: 2-stop teleportation journey
  2024 | D:2      | Reached skill level 1 in Dodging
  2024 | D:2      | XOM: snakes to sticks
  2040 | D:2      | XOM: give mutations
  2040 | D:2      | Gained mutation: You are resistant to hostile enchantments.
                  | (MR+) [Xom's mischief]
  2040 | D:2      | Gained mutation: You are frail. (-10% HP) [Xom's mischief]
  2040 | D:2      | Lost mutation: You are clumsy. (Dex -2) [Xom's mischief]
  2040 | D:2      | Gained mutation: You are weak. (Str -2) [Xom's mischief]
  2083 | D:3      | XOM: divination: detect creatures
  2302 | D:3      | Found a glowing silver altar of Zin.
  2304 | D:3      | Found a hazy altar of Hepliaklqana.
  2515 | D:3      | XOM: give mutations
  2515 | D:3      | Lost mutation: You are weak. (Str -2) [Xom's grace]
  2515 | D:3      | Gained mutation: Your spells are a little harder to cast,
                  | but a little more powerful. [Xom's grace]
  2515 | D:3      | Gained mutation: Your mind is acute. (Int +2) [Xom's grace]
  2515 | D:3      | Gained mutation: You are partially covered in icy blue
                  | scales. (AC +2) [Xom's grace]
  2751 | D:3      | Killed Sigmund
  2838 | D:3      | Reached XP level 7. HP: 32/32 MP: 8/8
  2886 | D:3      | Reached skill level 2 in Dodging
  3115 | D:4      | Found a white marble altar of Elyvilon.
  3172 | D:4      | XOM: confuse monster(s)
  3180 | D:4      | XOM: draining
  3205 | D:4      | Reached skill level 3 in Dodging
  3261 | D:4      | Gained mutation: You have razor-sharp teeth. [Vine Stalker
                  | growth]
  3261 | D:4      | Reached XP level 8. HP: 36/37 MP: 9/9
  3265 | D:4      | Found a staircase to the Ecumenical Temple.
  3304 | D:4      | Found Ciusaips's Food Shop.
  3447 | D:4      | XOM: 1-stop teleportation journey
  3526 | D:4      | XOM: give mutations
  3526 | D:4      | Gained mutation: You are very frail. (-20% HP) [Xom's
                  | mischief]
  3526 | D:4      | Gained mutation: You are extremely frail. (-30% HP) [Xom's
                  | mischief]
  3745 | D:4      | XOM: stat loss: -1 Dex (16/17)
  3805 | D:5      | Entered Level 5 of the Dungeon
  3988 | D:5      | Got a smoking whip
  3995 | D:5      | Identified the +11 whip "Beastslayer" {slash, Str+3} (You
                  | found it on level 5 of the Dungeon)
  4096 | D:5      | Reached skill level 5 in Fighting
  4109 | D:5      | Found a runed door.
  4141 | D:5      | Found a deep blue altar of Sif Muna.
  4235 | D:5      | XOM: enchant monster (bad)
  4244 | D:5      | Reached skill level 4 in Dodging
  4571 | D:6      | XOM: harmless Erth miscast
  4721 | D:6      | Reached skill level 5 in Dodging
  4774 | D:6      | Reached XP level 9. HP: 22/33 MP: 10/10
  4914 | D:6      | Noticed Grinder
  4922 | D:6      | XOM: summons 5 friendly demons
  4955 | D:6      | Killed Grinder
  4955 | D:6      | Reached skill level 1 in Evocations
  5072 | D:6      | Found a stormy altar of Qazlal.
  5086 | D:6      | XOM: summons 4 hostile demons
  5087 | D:6      | Noticed a smoke demon
  5202 | D:6      | Noticed Menkaure
  5202 | D:6      | XOM: medium Conj miscast
  5254 | D:6      | Killed Menkaure
  5339 | D:6      | Noticed a moth of wrath
  5342 | D:6      | Found a bloodstained altar of Trog.
  5431 | D:6      | XOM: enchant monster (bad)
  5436 | D:6      | XOM: harmless Tmut miscast
  5445 | D:6      | XOM: potion effect (brilliance)
  5687 | D:7      | Reached skill level 6 in Dodging
  5756 | D:7      | XOM: cloud trail
  5807 | D:7      | XOM: summons 2 friendly demons
  5870 | D:7      | XOM: potion effect (agility)
  6091 | D:7      | XOM: scenery: 1 doors open
  6097 | D:7      | Found Kiwoaxep's Jewellery Boutique.
  6098 | D:7      | Found a blossoming altar of Fedhas.
  6130 | D:7      | XOM: divination: detect items
  6145 | D:7      | Lost mutation: You passively map a small area around you.
                  | [potion of mutation]
  6145 | D:7      | Lost mutation: Your spells are a little harder to cast, but
                  | a little more powerful. [potion of mutation]
  6145 | D:7      | Lost mutation: Armour fits poorly on your strangely shaped
                  | body. [potion of mutation]
  6145 | D:7      | Lost mutation: Your mind is acute. (Int +2) [potion of
                  | mutation]
  6145 | D:7      | Gained mutation: You tend to lose your temper in combat.
                  | [potion of mutation]
  6145 | D:7      | Gained mutation: Your mind is acute. (Int +2) [potion of
                  | mutation]
  6707 | D:8      | Identified a scroll of acquirement
  6767 | D:8      | Reached skill level 7 in Dodging
  6785 | D:8      | Found Ledustruc's Armour Shop.
  6812 | D:8      | Noticed a komodo dragon
  6826 | D:8      | Killed a komodo dragon
  6826 | D:8      | Reached XP level 10. HP: 36/37 MP: 13/13
  6826 | D:8      | XOM: summons 3 friendly demons
  6846 | D:8      | XOM: enchant monster (good)
  6908 | D:8      | Found a staircase to the Lair.
  7178 | D:8      | Found an iron altar of Okawaru.
  7301 | D:8      | Found a sacrificial altar of Ru.
  7648 | D:9      | Reached skill level 8 in Dodging
  7667 | D:9      | Found Yhamic's Jewellery Shop.
  7677 | D:9      | Found a shadowy altar of Dithmenos.
  7834 | D:9      | Found a hide-covered altar of Uskayaw.
  7840 | D:9      | Found a radiant altar of Vehumet.
  7840 | D:9      | Found a sacrificial altar of Ru.
  7840 | D:9      | XOM: 1-stop teleportation journey
  8233 | D:9      | Reached skill level 5 in Evocations
  8471 | D:10     | Entered Level 10 of the Dungeon
  8651 | D:10     | XOM: divine lightning
  8662 | D:10     | Found a portal to a secret trove of treasure.
  8737 | D:10     | Reached skill level 9 in Dodging
  8837 | D:10     | XOM: cast spell 'Dispersal'
  8844 | D:10     | Reached skill level 1 in Shields
  8889 | D:10     | XOM: 4-stop teleportation journey
  8892 | D:10     | XOM: enchant monster (good)
  8986 | D:10     | Reached XP level 11. HP: 40/40 MP: 15/15
  9135 | D:10     | HP: 2/40 [vampire/vampiric draining (4)]
  9228 | D:10     | XOM: give mutations
  9228 | D:10     | Gained mutation: Your muscles are strong. (Str +2) [Xom's
                  | grace]
  9228 | D:10     | Gained mutation: You are partially covered in slimy green
                  | scales. (AC +2) [Xom's grace]
  9228 | D:10     | Gained mutation: You are resistant to electric shocks.
                  | (rElec) [Xom's grace]
  9228 | D:10     | Gained mutation: You have an increased reservoir of magic.
                  | (+10% MP) [Xom's grace]
  9431 | D:10     | XOM: harmless Ice miscast
  9443 | D:10     | XOM: harmless Chrm miscast
  9547 | D:10     | XOM: smoke on damage
  9759 | D:11     | XOM: enchant monster (good)
  9777 | D:11     | Found a staircase to the Orcish Mines.
  9780 | D:11     | Found Dufat's Armour Emporium.
  9817 | D:11     | Found a roughly hewn altar of Beogh.
  9867 | D:11     | XOM: enchant monster (good)
  9919 | D:11     | Noticed a manticore
  9949 | D:11     | XOM: butterfly on damage
  9953 | D:11     | Killed a manticore
  9953 | D:11     | Reached skill level 5 in Shields
 10052 | D:11     | XOM: severe Fire miscast
 10053 | D:11     | XOM: potion effect (haste)
 10068 | D:10     | XOM: mild Tloc miscast
 10121 | D:10     | XOM: cast spell 'Alistair's Intoxication'
 10163 | D:10     | Noticed a sun demon
 10165 | D:10     | Mangled by a sun demon

Vault maps used:
D:1:      dpeg_arrival_pits
D:2:      tso_altar, nicolae_gozag_seed_capital, first_ration, uniq_robin,
          uniq_natasha
D:3:      minitemple, uniq_sigmund
D:4:      lemuel_round_altar, minmay_temple_entry_hall, serial_shops,
          shop_statue
D:5:      kennysheep_little_box, uniq_crazy_yiuf_cottage
D:6:      kennysheep_mini, tgw_trog, uniq_menkaure, uniq_grinder
D:7:      lemuel_crystal_altar, serial_shops, shop, grunt_ogre_cave
D:8:      david_lair_shrubbed, serial_shops, shop_fountains,
          hangedman_feature_mirror, kennysheep_generic_room_8
D:9:      grunt_dithmenos_smoke, vehumet_altar_wand_db,
          eat_drink_and_be_merry_uskayaw, nicolae_ru_sacrificial_ziggurat,
          serial_shops, shop_coins
D:10:     nicolae_trove_entry_free_sample, minmay_ruffians
D:11:     minmay_orc_entry_temple_small, serial_shops, shop

Skill      XL: |  1  2  3  4  5  6  7  8  9 10 11 |
---------------+----------------------------------+-----
Long Blades    | 3 4 5 6 7 |  7.2
Dodging        | 1 3 5 7 9 |  9.7
Fighting       | 3 4 5 6 7 |  7.0
Evocations     | 3 5 |  5.0
Shields        | 2 5 |  5.4
Armour         | |  1.5

Action                   |  1- 3 |  4- 6 |  7- 9 | 10-12 || total
-------------------------+-------+-------+-------+-------++-------
Melee: Falchion          |    66 |   111 |    54 |       ||   231
       Bite              |    12 |    37 |   114 |   120 ||   283
       Dagger            |       |    24 |    84 |       ||   108
       Short sword       |       |       |    24 |       ||    24
       Whip              |       |       |   197 |   348 ||   545
Evoke: Wand              |       |     3 |       |     3 ||     6
  Use: Scroll            |       |       |    17 |     2 ||    19
       Potion            |       |       |     1 |       ||     1
 Stab: Paralysed         |     1 |       |       |     4 ||     5
       Sleeping          |       |     1 |     1 |     1 ||     3
       Distracted        |       |       |     1 |       ||     1
       Betrayed ally     |       |       |       |     1 ||     1
  Eat: Chunk             |       |     6 |    10 |    11 ||    27
       Ration            |       |       |     1 |       ||     1
Armor: Leather armour    |    25 |    34 |    82 |   102 ||   243
Dodge: Dodged            |    50 |    66 |   189 |   204 ||   509
Block: Large shield      |       |       |       |   159 ||   159
       Rpst.: Falchion   |    14 |    17 |    15 |       ||    46

Table legend:
 A = Non-vault XP
 B = Vault XP
 C = Vault XP percentage of total XP
 D = Non-vault monster count
 E = Vault monster count
 F = Vault count percentage of total count
                 A         B        C        D         E       F
            +---------+---------+-------+---------+---------+-------
      Total |   10469 |    2183 |  17.3 |     249 |      35 |  12.3
            +---------+---------+-------+---------+---------+-------
        D:1 |      33 |       0 |   0.0 |      18 |       0 |   0.0
        D:2 |     133 |     171 |  56.2 |      21 |      13 |  38.2
        D:3 |     194 |     208 |  51.7 |      24 |       1 |   4.0
        D:4 |     732 |       0 |   0.0 |      22 |       0 |   0.0
        D:5 |     474 |       0 |   0.0 |      22 |       0 |   0.0
        D:6 |     750 |     377 |  33.5 |      20 |       7 |  25.9
        D:7 |     968 |     113 |  10.5 |      20 |       1 |   4.8
        D:8 |    1347 |     353 |  20.8 |      27 |       2 |   6.9
        D:9 |    1653 |       2 |   0.1 |      34 |       1 |   2.9
       D:10 |    2733 |     867 |  24.1 |      34 |       5 |  12.8
       D:11 |    1452 |      92 |   6.0 |       7 |       5 |  41.7
            +---------+---------+-------+---------+---------+-------
